 Dungeon Crawl Stone Soup version 0.23.2-33-g5129a83184 (webtiles) character file.

Game seed: 14894210687535720172

233864 RedGaucho the Eclecticist (level 18, -1/116 HPs)
             Began as a Deep Elf Wizard on July 2, 2019.
             Was the Champion of Vehumet.
             Slain by an air elemental (3 damage)
             ... in a wizard's laboratory on July 3, 2019.
             The game lasted 01:48:38 (58675 turns).

RedGaucho the Eclecticist (Deep Elf Wizard)        Turns: 58675, Time: 01:48:38

Health: -1/116     AC: 19    Str: 10    XL:     18   Next: 43%
Magic:  37/53      EV: 13    Int: 32    God:    Vehumet [******]
Gold:   2556       SH: 14    Dex: 13    Spells: 9/58 levels left

rFire    + + +     SeeInvis .   q - +6 long sword of Ecuteudd {drain, rPois MR+}
rCold    + . .     Gourm    .   O - +0 shield "Win Bet" {MR+ Str+3}
rNeg     . . .     Faith    .   G - +6 scale mail "Hysozabb" {MR+ Regen+}
rPois    +         Spirit   .   Y - +1 hat {MR+}
rElec    +         Reflect  +   v - +2 cloak of Hadwoaf {rF+}
rCorr    +         Harm     .   U - +1 pair of gloves "Ugointik" {rF+ Slay+3}
MR       +++++                  r - +0 pair of boots {Fly}
Stlth    +.........             S - +2 amulet of reflection
HPRegen  0.69/turn              p - ring of magical power
MPRegen  0.33/turn              i - ring of Logol {+Inv Int+3 Slay+2}

@: resistant, flying, very slightly contaminated, invisible
A: no striking features
}: 2/15 runes: decaying, serpentine
a: Renounce Religion, Stop Flying


You were in a wizard's laboratory.
You worshipped Vehumet.
Vehumet was exalted by your worship.
You were not hungry.

You visited 6 branches of the dungeon, and saw 33 of its levels.
You also visited: Ice Cave and Wizlab.

You collected 3229 gold pieces.
You spent 673 gold pieces at shops.

Inventory:

Hand Weapons
 q - the +6 long sword of Ecuteudd (weapon) {drain, rPois MR+}
   (You took it off a naga mage on level 1 of the Snake Pit)

   A truly terrible weapon, it drains the life of those it strikes.
   It protects you from poison.
   It affects your resistance to hostile enchantments.
 X - the +6 rapier "Diocox" {pierce, *Noise +Fly Dex+2 SInv}
   (You found it on level 6 of the Lair of Beasts)

   It inflicts extra damage upon your enemies.
   It affects your dexterity (+2).
   It lets you see invisible.
   It lets you fly.
   It may make noises in combat.
Missiles
 y - 2 throwing nets (quivered)
Armour
 r - a +0 pair of boots of flying (worn)
 v - the +2 cloak of Hadwoaf (worn) {rF+}
   (You bought it in a shop on level 2 of the Orcish Mines)

   It protects you from fire.
 G - the +6 scale mail "Hysozabb" (worn) {MR+ Regen+}
   (You took it off an orc warrior on level 7 of the Dungeon)

   It affects your resistance to hostile enchantments.
   It increases your rate of regeneration.
 O - the +0 shield "Win Bet" (worn) {MR+ Str+3}
   (You took it off an orc wizard on level 14 of the Dungeon)

   It affects your strength (+3).
   It affects your resistance to hostile enchantments.
 U - the +1 pair of gloves "Ugointik" (worn) {rF+ Slay+3}
   (You acquired it on level 15 of the Dungeon)

   It affects your accuracy and damage with ranged weapons and melee attacks
   (+3).
   It protects you from fire.
 Y - a +1 hat of magic resistance (worn)
Jewellery
 i - the ring of Logol (right hand) {+Inv Int+3 Slay+2}
   (You took it off a skeletal warrior on level 9 of the Dungeon)

   [ring of intelligence]

   It affects your intelligence (+3).
   It affects your accuracy and damage with ranged weapons and melee attacks
   (+2).
   It lets you turn invisible.
 m - the amulet "Toikhod" {Harm *Corrode *Drain rElec Int+3 Slay+2}
   (You took it off a spriggan druid on level 4 of the Swamp)

   [amulet of harm]

   It increases damage dealt and taken.
   It affects your intelligence (+3).
   It affects your accuracy and damage with ranged weapons and melee attacks
   (+2).
   It insulates you from electricity.
   It may corrode you when you take damage.
   It causes draining when unequipped.
 p - a ring of magical power (left hand)
 u - an uncursed ring of positive energy
 L - an uncursed ring of poison resistance
 R - an uncursed ring of ice
 S - a +2 amulet of reflection (around neck)
Wands
 e - a wand of digging (18)
 C - a wand of acid (10)
 E - a wand of clouds (5)
 W - a wand of iceblast (14)
Scrolls
 c - 8 scrolls of enchant armour
 g - 11 scrolls of teleportation
 h - 7 scrolls of enchant weapon
 k - 6 scrolls of immolation
 n - 4 scrolls of amnesia
 o - 13 scrolls of remove curse
 s - 4 scrolls of blinking
 w - 4 scrolls of fear
 H - a scroll of brand weapon
 K - 4 scrolls of magic mapping
 P - 3 scrolls of fog
 V - a scroll of identify
 Z - 2 scrolls of summoning
Potions
 a - 3 potions of mutation
 b - 7 potions of agility
 f - 6 potions of cancellation
 j - 9 potions of curing
 l - 2 potions of resistance
 x - 3 potions of berserk rage
 z - 6 potions of ambrosia
 A - 4 potions of lignification
 B - 4 potions of might
 D - a potion of brilliance
 F - 5 potions of haste
 I - 2 potions of magic
Miscellaneous
 J - a phial of floods
 Q - a lightning rod (4/4)
Comestibles
 d - 33 rations


   Skills:
 + Level 13.9 Fighting
 - Level 12.0 Dodging
 - Level 2.4 Stealth
 * Level 13.4 Shields
 + Level 20.7 Spellcasting
 - Level 15.0 Conjurations
   Level 1.1 Summonings
 - Level 8.0 Necromancy
 - Level 4.0 Translocations
 - Level 2.1 Air Magic
 - Level 1.0 Poison Magic


You had 9 spell levels left.
You knew the following spells:

 Your Spells              Type           Power        Failure   Level  Hunger
a - Iskenderun's Mystic   Conj           #######.     1%          4    None
b - Bolt of Draining      Conj/Necr      #######...   1%          5    None
c - Mephitic Cloud        Conj/Pois/Air  ######..     1%          3    None
d - Conjure Flame         Conj/Fire      ######..     1%          3    None
e - Passage of Golubria   Tloc           N/A          17%         4    None
f - Blink                 Tloc           N/A          2%          2    None
g - Orb of Destruction    Conj           #######...   4%          7    ##.....
h - Freezing Cloud        Conj/Ice/Air   ######....   32%         6    None
i - Magic Dart            Conj           ####         0%          1    None
j - Deflect Missiles      Chrm/Air       #####.....   100%        6    None
k - Chain Lightning       Conj/Air       ######....   98%         8    ####...

Your spell library contained the following spells:

 Spells                   Type           Power        Failure   Level  Hunger
 Lehudib's Crystal Spear  Conj/Erth      ######....   99%         8    ####...
 Fire Storm               Conj/Fire      ######....   100%        9    ######.
 Animate Skeleton         Necr           N/A          1%          1    None
 Apportation              Tloc           ######       1%          1    None
 Flame Tongue             Conj/Fire      #####        1%          1    None
 Searing Ray              Conj           ######       1%          2    None
 Throw Flame              Conj/Fire      ######       1%          2    None
 Throw Frost              Conj/Ice       ######       1%          2    None
 Dazzling Spray           Conj/Hex       ######       1%          3    None
 Static Discharge         Conj/Air       ######..     1%          3    None
 Force Lance              Conj/Tloc      #######.     1%          4    None
 Fulminant Prism          Conj/Hex       ######....   1%          4    None
 Sticky Flame             Conj/Fire      ######..     1%          4    None
 Throw Icicle             Conj/Ice       ######..     1%          4    None
 Freeze                   Ice            ####         2%          1    None
 Lightning Bolt           Conj/Air       ######....   2%          5    None
 Fireball                 Conj/Fire      ######....   3%          5    None
 Irradiate                Conj/Tmut      ######....   3%          5    None
 Gell's Gravitas          Tloc           ######....   5%          3    None
 Lesser Beckoning         Tloc           ######....   5%          3    None
 Teleport Other           Tloc           ######..     5%          3    None
 Summon Small Mammal      Summ           ####         6%          1    None
 Shroud of Golubria       Chrm/Tloc      #####.....   6%          2    None
 Inner Flame              Hex/Fire       ####....     7%          3    None
 Confusing Touch          Hex            ####..       9%          1    None
 Call Imp                 Summ           #####...     9%          2    None
 Conjure Ball Lightning   Conj/Air       ######....   11%         6    None
 Slow                     Hex            ####....     14%         2    None
 Ozocubu's Armour         Chrm/Ice       ####....     26%         3    None
 Summon Lightning Spire   Summ/Air       #####...     43%         4    None
 Summon Ice Beast         Ice/Summ       #####...     58%         4    None
 Silence                  Hex/Air        #####.....   86%         5    None
 Hydra Form               Tmut           ####......   100%        6    None
 Statue Form              Tmut/Erth      ####.....    100%        6    None
 Dragon Form              Tmut           ####......   100%        7    ##.....
 Ignition                 Fire           ####......   100%        8    ####...
 Shatter                  Erth           ####......   100%        9    ######.
 Tornado                  Air            #####.....   100%        9    ######.


Dungeon Overview and Level Annotations

Branches:
Dungeon (15/15)            Temple (0/1) D:7            Lair (6/6) D:11
  Swamp (4/4) Lair:3        Snake (4/4) Lair:4        Slime (0/5) Lair:5
    Orc (2/2) D:10            Elf (2/3) Orc:2        Vaults (0/5) D:14
 Depths (0/5) D:15

Altars:
Elyvilon
Fedhas
Gozag
Hepliaklqana
Kikubaaqudgha
Makhleb
Nemelex Xobeh
Okawaru
Qazlal
Ru
Sif Muna
Uskayaw
Vehumet
Xom
Zin
The Shining One
Beogh
Jiyva

Shops:
D:4 (   D:11 (   D:14 =   Orc:2 }[([

Annotations:
D:4 3 runed translucent doors, ikjuyhgtrf's ghost, novice MiFi
D:5 3 runed translucent doors, PeSeC's ghost, novice MiFi
D:9 exclusion: downstairs
D:11 3 runed translucent doors
Lair:5 exclusion: 3 oklob plants


Message History

The bolt of cold hits you. You resist.
* * * LOW HITPOINT WARNING * * *
The air elemental hits you but does no damage.
Unknown command.
Unknown command.
Unknown command.
Unknown command.
Unknown command.
Unknown command.
Unknown command.
Okay, then.
Casting: Blink (safe; 2% risk of failure)
Confirm with . or Enter, or press ? or * to list all spells.
Aiming: Orb of Destruction (slightly dangerous; 4% risk of failure)
Press: ? - help, Shift-Dir - straight line, f - blizzard demon
Aim: a blizzard demon (moderately wounded)
You resist.
* * * LOW HITPOINT WARNING * * *
The air elemental hits you.
You die...

#≈≈≈≈≈≈..#≈≈≈≈≈
#≈≈≈≈≈≈≈.##≈≈≈≈
#≈≈≈≈≈≈≈..#≈≈≈≈
+.........#≈≈≈≈
#≈≈≈≈≈≈≈..#§§≈≈
#≈≈≈≈≈≈≈.##§§§§
#≈≈≈≈≈≈..#§§§§§
#≈≈≈≈@E.##§§§§§
#≈≈≈*≈..#§§§§§§
#≈≈≈...##§§§§v§
≈≈≈≈.2.###§§§§§§§
.....###≈≈§§§§§§§
########≈≈≈≈§§§§§§§
≈≈≈≈≈≈≈≈≈≈≈≈§§§§§§§
≈≈≈≈≈≈≈≈≈≈≈≈§§§§§§§
≈≈≈≈≈≈≈≈≈≈≈≈≈≈≈


You could see a blizzard demon and an air elemental.

Vanquished Creatures
  Mara (Swamp:4)
  Rupert (Lair:3)
  An Ice Fiend (IceCv)
  Asterion (Elf:1)
  Kirke (Lair:5)
  2 thorn hunters
  9 nagarajas
  Donald (Snake:1)
  Roxanne (Snake:1)
  2 deep elf sorcerers (Elf:2)
  2 orc warlords (Orc:2)
  Aizul (Snake:1)
  Snorg (D:12)
  A deep elf high priest (Elf:2)
  25 hydras
  9 anacondas
  20 naga warriors
  2 ghost crabs
  2 centaur warriors (D:13)
  6 alligators
  3 dancing weapons
  5 two-headed ogres
  A shambling mangrove (Swamp:4)
  A queen ant (Lair:3)
  A tengu warrior (D:14)
  2 orc high priests (Orc:2)
  A shock serpent (shapeshifter) (D:14)
  3 shock serpents
  Sonja (D:13)
  2 spriggans (Swamp:4)
  2 deep elf knights
  10 naga sharpshooters
  3 salamander mystics
  A skeletal warrior (D:9)
  2 unseen horrors
  6 naga ritualists
  8 swamp dragons
  2 spriggan druids
  14 mana vipers
  2 orc knights
  A wolf spider (D:15)
  2 orc sorcerers (Orc:2)
  10 deep elf magi
  11 salamanders
  5 cyclopes
  12 ugly things
  33 black mambas
  7 guardian serpents
  3 ice statues
  17 naga magi
  3 elephants (Lair:4)
  Psyche (D:10)
  4 gargoyles
  6 centaur skeletons
  23 spiny frogs
  3 freezing wraiths (IceCv)
  3 komodo dragons
  3 anaconda simulacra (IceCv)
  3 rime drakes (Lair:6)
  A tengu conjurer (D:14)
  6 ice devils (IceCv)
  2 merfolk
  4 trolls
  13 tyrant leeches
  7 hornets
  A golden dragon simulacrum (IceCv)
  A queen bee (Lair:4)
  7 polar bears
  3 meliai (Lair:4)
  5 dream sheep (Lair:4)
  16 slime creatures
  14 blink frogs
  10 bog bodies
  A meliai zombie (D:13)
  11 hippogriffs
  Sigmund (D:2)
  A wraith (D:15)
  25 yaks
  5 shadows
  A dire elephant simulacrum (IceCv)
  4 wyverns
  3 hogs (Lair:5)
  2 vampires
  A basilisk (Lair:6)
  Grum (Lair:1)
  A hog (shapeshifter) (D:12)
  A death yak simulacrum (IceCv)
  20 vampire mosquitoes
  4 hungry ghosts
  2 acid dragons
  A harpy simulacrum (IceCv)
  6 wargs
  2 iron troll simulacra (IceCv)
  A two-headed ogre zombie (D:10)
  14 swamp worms
  54 nagas
  5 soldier ants (Lair:3)
  16 insubstantial wisps (Swamp:2)
  10 water moccasins
  6 hydra simulacra (IceCv)
  7 porcupines
  9 swamp drakes
  38 orc warriors
  7 ice beasts
  A hornet zombie (D:5)
  An ettin simulacrum (IceCv)
  3 phantoms
  2 black bears
  4 sky beasts
  A boggart (D:13)
  An eye of draining (D:11)
  16 wolves
  3 necrophages
  8 ogres
  18 crocodiles
  12 centaurs
  28 bullfrogs
  6 big kobolds
  A wyvern zombie (D:13)
  2 water moccasin skeletons
  5 scorpions
  A wyvern skeleton (D:6)
  27 killer bees
  An elephant simulacrum (IceCv)
  5 wights
  An electric eel (Lair:5)
  A howler monkey (D:13)
  14 crimson imps
  3 bullfrog zombies
  2 centaur zombies
  5 draconian simulacra (IceCv)
  2 jellies
  27 orc priests
  8 hounds
  34 orc wizards
  A bullfrog skeleton (D:11)
  A gnoll shaman (Orc:1)
  Terence (D:3)
  4 iguanas
  5 hell rats
  2 polar bear simulacra (IceCv)
  A troll simulacrum (IceCv)
  18 worker ants
  A spriggan simulacrum (IceCv)
  A wolf simulacrum (IceCv)
  A killer bee zombie (D:6)
  7 ogre zombies (D:10)
  A centaur simulacrum (IceCv)
  5 hound zombies
  2 howler monkey zombies (D:6)
  2 worker ant zombies (D:6)
  Robin (D:3)
  3 howler monkey skeletons
  4 gnolls (Orc:1)
  4 naga simulacra (IceCv)
  9 adders
  5 shadow imps
  2 white imps (IceCv)
  2 ufetubi (IceCv)
  4 oozes
  An adder skeleton (D:8)
  3 adder zombies
  5 worms
  4 dart slugs
  6 leopard geckos
  116 orcs
  2 ball pythons
  4 giant cockroaches
  21 goblins
  12 hobgoblins
  23 kobolds
  5 quokkas
  10 bats
  5 frilled lizards
  2 hobgoblin skeletons (D:10)
  4 hobgoblin zombies (D:10)
  2 leopard gecko skeletons (D:6)
  4 orc skeletons (D:10)
  15 orc zombies (D:10)
  2 quokka skeletons (D:6)
  2 quokka zombies
  9 rats
1246 creatures vanquished.

Vanquished Creatures (others)
  A shock serpent (WizLab)
  A deep elf archer (Elf:2)
  3 humans (Lair:5)
  An orc wizard (D:15)
  A white imp (IceCv)
  4 ufetubi (IceCv)
  An orc (Orc:2)
  19 fungi
  6 plants
37 creatures vanquished.

Grand Total: 1283 creatures vanquished

Notes
Turn   | Place    | Note
-------+----------+-------------------------------------------
     0 | D:1      | RedGaucho the Deep Elf Wizard began the quest for the Orb.
     0 | D:1      | Reached XP level 1. HP: 10/10 MP: 7/7
   297 | D:1      | Reached XP level 2. HP: 15/15 MP: 5/9
   680 | D:1      | Reached XP level 3. HP: 19/19 MP: 3/11
   754 | D:1      | Reached skill level 5 in Spellcasting
  1273 | D:2      | Found a radiant altar of Vehumet.
  1805 | D:2      | Reached XP level 4. HP: 17/24 MP: 4/13
  1990 | D:2      | Became a worshipper of Vehumet
  2310 | D:2      | Noticed Sigmund
  2341 | D:2      | Learned a level 2 spell: Blink
  2345 | D:2      | Learned a level 3 spell: Mephitic Cloud
  2349 | D:2      | Learned a level 3 spell: Conjure Flame
  3014 | D:3      | Found an opulent altar of Gozag.
  3046 | D:3      | Noticed Terence
  3097 | D:3      | Killed Terence
  3097 | D:3      | Reached * piety under Vehumet
  3097 | D:3      | Offered knowledge of Freeze by Vehumet.
  3097 | D:3      | Reached XP level 5. HP: 21/28 MP: 15/15
  3444 | D:3      | Noticed Robin
  3448 | D:3      | Reached skill level 1 in Poison Magic
  3465 | D:3      | Killed Robin
  3685 | D:3      | Found a hazy altar of Hepliaklqana.
  3686 | D:3      | Found a shimmering altar of Xom.
  3686 | D:3      | Noticed an insubstantial wisp
  3687 | D:3      | Noticed a spectral ugly thing
  3687 | D:3      | Noticed an insubstantial wisp
  3826 | D:3      | Reached skill level 1 in Air Magic
  4101 | D:2      | Killed Sigmund
  4101 | D:2      | Reached skill level 1 in Fighting
  4101 | D:2      | Reached skill level 6 in Spellcasting
  4101 | D:2      | Reached XP level 6. HP: 34/34 MP: 17/17
  4695 | D:4      | Found a blossoming altar of Fedhas.
  4710 | D:4      | Found a sacrificial altar of Ru.
  4842 | D:4      | Found a deep blue altar of Sif Muna.
  4857 | D:4      | Found Rituank's Weapon Boutique.
  4933 | D:4      | Found a glowing golden altar of the Shining One.
  4933 | D:4      | Found an iron altar of Okawaru.
  4976 | D:4      | Found a stormy altar of Qazlal.
  5024 | D:4      | Found a runed translucent gate.
  5025 | D:4      | Found a runed translucent gate.
  5025 | D:4      | Found a runed translucent gate.
  5026 | D:4      | Noticed ikjuyhgtrf's ghost (novice MiFi)
  5121 | D:5      | Entered Level 5 of the Dungeon
  5294 | D:5      | Noticed a hungry ghost
  5302 | D:5      | Killed a hungry ghost
  5302 | D:5      | Reached skill level 5 in Conjurations
  5302 | D:5      | Reached XP level 7. HP: 32/40 MP: 18/18
  5625 | D:5      | Reached skill level 7 in Spellcasting
  5983 | D:5      | Reached ** piety under Vehumet
  5983 | D:5      | Offered knowledge of Sandblast by Vehumet.
  6173 | D:5      | Found a runed translucent gate.
  6173 | D:5      | Found a runed translucent gate.
  6173 | D:5      | Found an opulent altar of Gozag.
  6175 | D:5      | Noticed a hippogriff
  6176 | D:5      | Found a runed translucent gate.
  6177 | D:5      | Noticed PeSeC's ghost (novice MiFi)
  6360 | D:6      | Reached skill level 5 in Dodging
  6676 | D:6      | Reached XP level 8. HP: 46/46 MP: 21/21
  6960 | D:6      | Reached skill level 8 in Spellcasting
  7710 | D:7      | Found a staircase to the Ecumenical Temple.
  7848 | D:7      | Learned a level 3 spell: Dazzling Spray
  7863 | D:7      | Offered knowledge of Static Discharge by Vehumet.
  7872 | D:7      | Learned a level 4 spell: Iskenderun's Mystic Blast
  7936 | D:7      | Identified the +6 scale mail "Hysozabb" {MR+ Regen+}
  8212 | D:7      | Reached skill level 9 in Spellcasting
  8348 | D:7      | Found a glowing silver altar of Zin.
  8408 | D:7      | Reached XP level 9. HP: 51/52 MP: 13/24
  9190 | D:8      | Reached *** piety under Vehumet
  9330 | D:8      | Got a translucent war axe
  9331 | D:8      | Identified the +9 war axe "Hurroeti" {chop, Dex+6} (You
                  | found it on level 8 of the Dungeon)
  9456 | D:8      | Reached skill level 1 in Shields
 10220 | D:8      | Reached skill level 5 in Fighting
 10416 | D:8      | Offered knowledge of Stone Arrow by Vehumet.
 10554 | D:8      | Found a sparkling altar of Nemelex Xobeh.
 10554 | D:8      | Found a hide-covered altar of Uskayaw.
 10699 | D:9      | Reached skill level 10 in Spellcasting
 11255 | D:9      | Reached **** piety under Vehumet
 11889 | D:10     | Entered Level 10 of the Dungeon
 11893 | D:10     | Reached XP level 10. HP: 59/59 MP: 19/26
 12063 | D:10     | Noticed a two-headed ogre
 12064 | D:10     | Offered knowledge of Lightning Bolt by Vehumet.
 12902 | D:10     | Identified the ring of Logol {+Inv Int+3 Slay+2}
 12902 | D:10     | Noticed a skeletal warrior
 12908 | D:10     | Found a staircase to the Orcish Mines.
 12928 | D:10     | Noticed Psyche
 13784 | D:10     | Reached skill level 11 in Spellcasting
 13862 | D:10     | Reached ***** piety under Vehumet
 13884 | D:10     | Offered knowledge of Bolt of Draining by Vehumet.
 13899 | D:9      | Learned a level 5 spell: Bolt of Draining
 14054 | D:10     | Killed Psyche
 14099 | D:10     | Reached skill level 1 in Necromancy
 14757 | D:10     | Killed a two-headed ogre
 14757 | D:10     | Reached XP level 11. HP: 66/66 MP: 10/28
 15203 | D:9      | Killed a skeletal warrior
 16127 | D:11     | Noticed a two-headed ogre
 16137 | D:11     | Killed a two-headed ogre
 16137 | D:11     | Reached skill level 10 in Dodging
 16192 | D:11     | Found a white marble altar of Elyvilon.
 16320 | D:11     | Reached skill level 12 in Spellcasting
 16509 | D:11     | Found Etou's Weapon Boutique.
 17267 | D:11     | Found a glowing silver altar of Zin.
 17400 | D:11     | Found a runed translucent gate.
 17401 | D:11     | Found a runed translucent gate.
 17401 | D:11     | Found a runed translucent gate.
 17402 | D:11     | Noticed a glowing orange brain
 17403 | D:11     | Noticed a white ugly thing
 17403 | D:11     | Noticed a brown ugly thing
 17404 | D:11     | Noticed a red ugly thing
 17404 | D:11     | Noticed a purple ugly thing
 17427 | D:11     | Found a staircase to the Lair.
 17673 | D:11     | Reached skill level 5 in Necromancy
 18023 | Lair:1   | Entered Level 1 of the Lair of Beasts
 18405 | Lair:1   | Noticed Grum
 18411 | Lair:1   | Killed Grum
 18874 | Lair:2   | Reached XP level 12. HP: 72/72 MP: 21/30
 19463 | Lair:2   | Reached skill level 10 in Conjurations
 20014 | Lair:3   | Reached skill level 13 in Spellcasting
 20455 | Lair:3   | Noticed a queen ant
 20459 | Lair:3   | Killed a queen ant
 21029 | Lair:3   | Noticed Rupert
 21031 | Lair:3   | Paralysed by Rupert for 6 turns
 21052 | Lair:3   | Killed Rupert
 21372 | Lair:3   | Noticed a six-headed hydra
 21375 | Lair:3   | Killed a six-headed hydra
 21436 | Lair:3   | Noticed an eight-headed hydra
 21442 | Lair:3   | Killed an eight-headed hydra
 21534 | Lair:3   | Found a staircase to the Swamp.
 21810 | Lair:4   | Reached XP level 13. HP: 39/79 MP: 15/32
 22051 | Lair:4   | Found a staircase to the Snake Pit.
 22175 | Lair:4   | Reached skill level 14 in Spellcasting
 24057 | Lair:5   | Noticed Kirke
 24095 | Lair:5   | Killed Kirke
 24530 | Lair:5   | Found a staircase to the Slime Pits.
 24530 | Lair:5   | Found a viscous altar of Jiyva.
 24561 | Lair:5   | Found a blossoming altar of Fedhas.
 25020 | Lair:5   | Reached skill level 15 in Spellcasting
 25090 | Lair:6   | Entered Level 6 of the Lair of Beasts
 25544 | Lair:6   | Got a scorched rapier
 25545 | Lair:6   | Identified the +6 rapier "Diocox" {pierce, *Noise +Fly
                  | Dex+2 SInv} (You found it on level 6 of the Lair of Beasts)
 26184 | Lair:6   | Reached skill level 10 in Fighting
 26353 | Lair:6   | Found a burning altar of Makhleb.
 26457 | Lair:6   | Reached ****** piety under Vehumet
 26524 | Lair:6   | Found a shimmering altar of Xom.
 27573 | D:12     | Noticed Snorg
 27581 | D:12     | Killed Snorg
 27581 | D:12     | Reached skill level 16 in Spellcasting
 27838 | D:12     | Reached XP level 14. HP: 88/88 MP: 36/36
 27893 | D:12     | You fall through a shaft for 3 floors!
 27893 | D:15     | Entered Level 15 of the Dungeon
 27940 | D:15     | Offered knowledge of Venom Bolt by Vehumet.
 28073 | D:14     | Found Coer's Jewellery Shop.
 28683 | D:14     | Found a gate to the Vaults.
 28801 | D:14     | Identified the cursed +0 shield "Win Bet" {MR+ Str+3}
 29629 | D:13     | Noticed Sonja
 29822 | D:13     | Killed Sonja
 30908 | D:13     | Reached skill level 17 in Spellcasting
 30981 | D:13     | Offered knowledge of Bolt of Fire by Vehumet.
 31263 | D:13     | Identified 3 scrolls of acquirement
 31776 | D:13     | Found a burning altar of Makhleb.
 31776 | D:13     | Noticed an Executioner
 32613 | D:15     | Got a pair of scorched gloves
 32624 | D:15     | Identified the +1 pair of gloves "Ugointik" {rF+ Slay+3}
                  | (You acquired it on level 15 of the Dungeon)
 32628 | D:15     | Got a twisted shield
 32639 | D:15     | Identified the +0 shield of Indomitability {*Corrode rC+++
                  | Str-4 Int+7} (You acquired it on level 15 of the Dungeon)
 32695 | D:15     | Reached skill level 5 in Shields
 33133 | D:15     | Found a staircase to the Depths.
 33950 | Swamp:1  | Entered Level 1 of the Swamp
 34073 | Lair:3   | Offered knowledge of Freezing Cloud by Vehumet.
 34083 | Lair:3   | Learned a level 6 spell: Freezing Cloud
 34194 | Swamp:1  | Reached XP level 15. HP: 95/95 MP: 24/38
 35199 | Swamp:1  | Got a pair of brightly glowing boots
 35211 | Swamp:1  | Identified the -2 pair of boots "Peophuyrph" {rF+ Int+2}
                  | (You found it on level 1 of the Swamp)
 35793 | Snake:1  | Entered Level 1 of the Snake Pit
 35956 | Snake:1  | Found a frozen archway.
 36301 | Snake:1  | Identified the +6 long sword of Ecuteudd {drain, rPois MR+}
 36310 | IceCv    | Entered an ice cave
 37545 | IceCv    | Noticed an Ice Fiend
 37562 | IceCv    | Killed an Ice Fiend
 38359 | Snake:1  | Found an ancient bone altar of Kikubaaqudgha.
 38376 | Snake:1  | Offered knowledge of Iron Shot by Vehumet.
 38503 | Snake:1  | Noticed Aizul
 38510 | Snake:1  | Killed Aizul
 38826 | Snake:1  | Reached skill level 18 in Spellcasting
 39149 | Snake:1  | Noticed Roxanne
 39170 | Snake:1  | Noticed Donald
 39231 | Snake:1  | Killed Donald
 40868 | D:12     | Found a blossoming altar of Fedhas.
 40871 | D:12     | Reached XP level 16. HP: 99/101 MP: 40/40
 41678 | Orc:1    | Entered Level 1 of the Orcish Mines
 41961 | Orc:1    | Offered knowledge of Orb of Destruction by Vehumet.
 42362 | Orc:2    | Entered Level 2 of the Orcish Mines
 42379 | Orc:2    | Found a roughly hewn altar of Beogh.
 42443 | Orc:2    | Found a staircase to the Elven Halls.
 42491 | Orc:2    | Found a roughly hewn altar of Beogh.
 42501 | Orc:2    | Learned a level 7 spell: Orb of Destruction
 42767 | Orc:2    | Found a roughly hewn altar of Beogh.
 42799 | Orc:2    | Found Pacianuo's Gadget Shop.
 43015 | Orc:2    | Found a roughly hewn altar of Beogh.
 43348 | Orc:2    | Found a roughly hewn altar of Beogh.
 43451 | Orc:2    | Found a roughly hewn altar of Beogh.
 43455 | Orc:2    | Found Jeps's Antique Armour Shop.
 43986 | Orc:2    | Offered knowledge of Poison Arrow by Vehumet.
 44008 | Orc:2    | Found a roughly hewn altar of Beogh.
 44484 | Orc:2    | Found Atextah's Antique Weapon Boutique.
 44485 | Orc:2    | Found a roughly hewn altar of Beogh.
 44487 | Orc:2    | Found Sest's Antique Armour Shop.
 44501 | Orc:2    | Bought a dazzling cloak for 285 gold pieces
 44502 | Orc:2    | Identified the +2 cloak of Hadwoaf {rF+} (You bought it in
                  | a shop on level 2 of the Orcish Mines)
 44583 | Orc:2    | Bought a pair of embroidered boots for 217 gold pieces
 47419 | Snake:1  | Killed Roxanne
 47439 | Snake:1  | Learned a level 6 spell: Deflect Missiles
 47484 | Snake:4  | Entered Level 4 of the Snake Pit
 47675 | Snake:4  | Reached skill level 10 in Shields
 48044 | Snake:4  | Reached skill level 19 in Spellcasting
 48048 | Snake:4  | Reached skill level 15 in Conjurations
 49276 | Snake:4  | Reached XP level 17. HP: 108/108 MP: 31/42
 49770 | Snake:4  | Offered knowledge of Lehudib's Crystal Spear by Vehumet.
 49770 | Snake:4  | Offered knowledge of Fire Storm by Vehumet.
 49770 | Snake:4  | Offered knowledge of Chain Lightning by Vehumet.
 49815 | Snake:4  | Learned a level 8 spell: Chain Lightning
 49821 | Snake:4  | Learned a level 4 spell: Passage of Golubria
 52200 | Snake:4  | Got a serpentine rune of Zot
 52572 | Orc:2    | Bought a heavy robe for 171 gold pieces
 52582 | Orc:2    | Identified the +2 robe of Perfidy {rF+ rC+ Str+2 Slay-3}
                  | (You bought it in a shop on level 2 of the Orcish Mines)
 54279 | Swamp:3  | Reached skill level 20 in Spellcasting
 55302 | Swamp:4  | Entered Level 4 of the Swamp
 55703 | Swamp:4  | Noticed Mara
 55720 | Swamp:4  | Noticed RedGaucho's illusion
 56394 | Swamp:4  | Killed Mara
 56394 | Swamp:4  | Reached XP level 18. HP: 105/116 MP: 8/44
 56557 | Swamp:4  | Identified the amulet "Toikhod" {Harm *Corrode *Drain rElec
                  | Int+3 Slay+2}
 57324 | Swamp:4  | Paralysed by a hornet for 1 turns
 57580 | Swamp:4  | Got a decaying rune of Zot
 58167 | Elf:1    | Entered Level 1 of the Elven Halls
 58305 | Elf:1    | Noticed Asterion
 58321 | Elf:1    | Killed Asterion
 58527 | Elf:1    | You are sucked into a shaft!
 58654 | Elf:2    | Found a magical portal.
 58657 | WizLab   | Entered The Chambers of the Cloud Mage
 58675 | WizLab   | HP: 2/116 [blizzard demon] (10)]
 58675 | WizLab   | Slain by an air elemental

Skill      XL: |  1  2  3  4  5  6  7  8  9 10 11 12 13 14 15 16 17 18 |
---------------+-------------------------------------------------------+-----
Conjurations   | 2 3 4 5 7 8 9 11 12 13 14 15 | 15.0
Spellcasting   | 5 6 7 9 10 11 12 13 16 17 18 19 20 | 20.7
Poison Magic   | 1 |  1.0
Air Magic      | 1 2 |  2.1
Fighting       | 1 2 3 4 5 6 7 8 10 11 12 13 | 13.9
Dodging        | 3 4 5 7 8 9 10 12 | 12.0
Translocations | 2 4 |  4.0
Shields        | 2 4 5 8 10 12 13 | 13.4
Necromancy     | 2 5 8 |  8.0
Stealth        | |  2.4
Summonings     | |  1.1

Action                   |  1- 3 |  4- 6 |  7- 9 | 10-12 | 13-15 | 16-18 || total
-------------------------+-------+-------+-------+-------+-------+-------++-------
Melee: Whip              |     1 |    11 |     8 |    18 |    77 |       ||   115
       Long sword        |       |       |       |       |    18 |    75 ||    93
       Rapier            |       |       |       |       |       |     3 ||     3
Throw: Throwing net      |       |       |       |       |     1 |       ||     1
 Cast: Magic Dart        |    94 |   168 |   218 |       |       |       ||   480
       Mephitic Cloud    |       |     6 |     2 |     4 |     4 |       ||    16
       Conjure Flame     |       |       |    12 |     1 |       |       ||    13
       Blink             |       |       |     2 |    11 |     2 |     5 ||    20
       Iskenderun's Myst |       |       |   128 |   281 |   283 |   104 ||   796
       Dazzling Spray    |       |       |     7 |       |       |       ||     7
       Bolt of Draining  |       |       |       |   137 |   556 |   710 ||  1403
       Orb of Destructio |       |       |       |       |       |    16 ||    16
Evoke: Wand              |       |       |       |     7 |    12 |     4 ||    23
  Use: Scroll            |     2 |    11 |       |     4 |    28 |    11 ||    56
       Potion            |       |       |       |     1 |     1 |     7 ||     9
 Stab: Sleeping          |     1 |     2 |       |       |       |       ||     3
       Confused          |       |     1 |       |       |       |       ||     1
       Invisible         |       |       |     3 |       |       |       ||     3
  Eat: Chunk             |     2 |     7 |    10 |    19 |    18 |    12 ||    68
       Ration            |       |     1 |     4 |     5 |    12 |    13 ||    35
Armor: Robe              |       |     4 |    22 |    19 |     8 |       ||    53
       Scale mail        |       |       |       |       |   167 |   134 ||   301
Dodge: Dodged            |    10 |    23 |    85 |   101 |   185 |   119 ||   523
Block: Buckler           |       |       |       |     9 |    85 |       ||    94
       Shield            |       |       |       |       |    17 |   189 ||   206
       Reflection        |       |       |       |       |       |     8 ||     8
       Rpst.: Long sword |       |       |       |       |     4 |    27 ||    31
